 Dungeon Crawl Stone Soup version 0.23.0 (webtiles) character file.

Game seed: 6806260160159516095

6181 tidbits the Magician (level 10, -7/79 HPs)
             Began as a Gnoll Skald on Feb 11, 2019.
             Was a Believer of Cheibriados.
             Mangled by an ogre mage
             ... wielding a +0 halberd
              (11 damage)
             ... on level 10 of the Dungeon.
             The game lasted 00:30:23 (2572 turns).

tidbits the Magician (Gnoll Skald)                  Turns: 2572, Time: 00:30:24

Health: -7/79      AC:  6    Str: 20    XL:     10   Next: 91%
Magic:  17/23      EV: 29    Int: 24    God:    Cheibriados [**....]
Gold:   166        SH:  7    Dex: 26    Spells: 11/24 levels left

rFire    . . .     SeeInvis .   a - +6 demon trident (elec)
rCold    . . .     Gourm    .   D - +0 buckler
rNeg     + . .     Faith    .   B - +0 ring mail
rPois    +         Spirit   .   (no helmet)
rElec    .         Reflect  .   (no cloak)
rCorr    .         Harm     .   (no gloves)
MR       .....                  (no boots)
Stlth    ++++......             (no amulet)
HPRegen  1.23/turn              V - +6 ring of evasion
MPRegen  0.18/turn              P - ring "Zucse" {rPois rN+}

@: agile, very slightly contaminated, regenerating, slowed, studying Long
Blades, very slow
A: distributed training, fangs 1, hooves 1, high mp 1, strong nose
a: Bend Time, Renounce Religion


You were on level 10 of the Dungeon.
You worshipped Cheibriados.
Cheibriados was pleased with you.
You were not hungry.

You visited 3 branches of the dungeon, and saw 12 of its levels.
You also visited: Ossuary.

You collected 280 gold pieces.
You spent 114 gold pieces at shops.

Inventory:

Hand Weapons
 a - a +6 demon trident of electrocution (weapon)
   (You found it on level 9 of the Dungeon)
 c - a +0 fustibalus
 h - a +0 dagger
 o - a +1 war axe
 t - a +0 halberd
 v - a +0 hunting sling
 F - a +0 shortbow
 G - a +0 hand crossbow
 K - a +1 spear
 O - a +2 trident of flaming
   (You took it off an orc on level 9 of the Dungeon)
 S - a +1 demon trident of freezing
   (You found it on level 9 of the Dungeon)
 U - a +3 hand crossbow of velocity
   (You found it on level 9 of the Dungeon)
Missiles
 i - 57 arrows
 q - 32 stones
 y - 3 javelins (quivered)
Armour
 b - a +0 leather armour
 B - a +0 ring mail (worn)
 C - a +0 robe
 D - a +0 buckler (worn)
 R - a scarf of repulsion
   (You found it on level 9 of the Dungeon)
 W - a +2 robe of cold resistance
   (You took it off Erolcha on level 10 of the Dungeon)
Magical Staves
 g - an uncursed staff of summoning
   (You found it on level 4 of the Dungeon)
 N - an uncursed staff of power {unknown}
   (You found it on level 9 of the Dungeon)
 T - an uncursed staff of fire {unknown}
   (You found it on level 9 of the Dungeon)
Jewellery
 n - an uncursed ring of ice
   (You found it on level 3 of the Dungeon)
 s - an uncursed ring of protection from magic
   (You found it on level 3 of the Dungeon)
 M - a -3 ring of strength
   (You found it on level 9 of the Dungeon)
 P - the ring "Zucse" (right hand) {rPois rN+}
   (You found it on level 9 of the Dungeon)

   [ring of positive energy]

   It protects you from poison.
   It protects you from negative energy.
 V - a +6 ring of evasion (left hand)
   (You found it on level 9 of the Dungeon)
Wands
 w - a wand of iceblast (7)
 L - a wand of digging (5)
Scrolls
 r - 4 scrolls of remove curse
 x - a scroll of random uselessness
 H - a scroll of magic mapping
 J - a scroll of enchant armour
Potions
 e - a potion of haste
 f - a potion of mutation {!q}
 l - 4 potions of flight {unknown}
 m - 2 potions of might {unknown}
 p - a potion of curing
 u - 3 potions of cancellation
 z - a potion of ambrosia {unknown}
 A - 3 potions of brilliance
Books
 Q - a manual of Long Blades
   (You found it on level 9 of the Dungeon)
Comestibles
 d - 12 rations


   Skills:
 + Level 7.3 Fighting
 + Level 5.6 Short Blades
 + Level 6.1 Long Blades
 + Level 5.6 Axes
 + Level 5.6 Maces & Flails
 + Level 7.3 Polearms
 + Level 5.6 Staves
 + Level 5.6 Slings
 + Level 5.6 Bows
 + Level 5.6 Crossbows
 + Level 5.6 Throwing
 + Level 6.2 Armour
 + Level 7.3 Dodging
 + Level 5.6 Stealth
 + Level 5.6 Shields
 + Level 5.6 Unarmed Combat
 + Level 7.6 Spellcasting
 + Level 4.6 Conjurations
 + Level 4.6 Hexes
 + Level 7.2 Charms
 + Level 4.6 Summonings
 + Level 4.6 Necromancy
 + Level 4.6 Translocations
 + Level 4.6 Transmutations
 + Level 4.6 Fire Magic
 + Level 4.6 Ice Magic
 + Level 4.6 Air Magic
 + Level 4.6 Earth Magic
 + Level 4.6 Poison Magic
 + Level 6.1 Invocations
 + Level 5.6 Evocations


You had 11 spell levels left.
You knew the following spells:

 Your Spells              Type           Power        Failure   Level  Hunger
c - Confuse               Hex            ####....     4%          3    None
g - Shroud of Golubria    Chrm/Tloc      #####.....   1%          2    None
r - Regeneration          Chrm/Necr      #####.....   2%          3    None
w - Spectral Weapon       Hex/Chrm       #####...     2%          3    None
y - Song of Slaying       Chrm           #####...     1%          2    None

Your spell library contained the following spells:

 Spells                   Type           Power        Failure   Level  Hunger
 Confusing Touch          Hex            ####..       1%          1    None
 Infusion                 Chrm           ####         1%          1    None
 Gell's Gravitas          Tloc           ####......   4%          3    None
 Petrify                  Tmut/Erth      ####....     16%         4    ###....
 Metabolic Englaciation   Hex/Ice        ####......   41%         5    #####..
 Yara's Violent Unravell  Hex/Tmut       ####......   41%         5    #####..


Dungeon Overview and Level Annotations

Branches:
Dungeon (10/15)            Temple (1/1) D:6            Lair (0/6) D:9
    Orc (1/2) D:10

Altars:
Cheibriados
Dithmenos
Fedhas
Gozag
Hepliaklqana
Kikubaaqudgha
Makhleb
Nemelex Xobeh
Okawaru
Qazlal
Ru
Sif Muna
Trog
Vehumet
Wu Jian
Xom
Zin
The Shining One

Shops:
D:8 *

Annotations:
D:9 2 transporters, exclusion: downstairs, Enish's ghost, novice DgHu


Innate Abilities, Weirdness & Mutations

Your experience applies equally to all skills.
You have very sharp teeth.
Your uncanny sense of smell can sniff out nearby items.
You have large cloven feet.
You have an increased reservoir of magic. (+10% MP)


Message History

You feel sick.
Unknown command.
Okay, then.
Okay, then.
As you read the scroll labeled POREAXZI QENNI, it crumbles to dust.
It is a scroll of brand weapon.
Your +6 demon trident crackles with electricity.
a - a +6 demon trident of electrocution (weapon)
You feel sick. The death drake bites you.
* * * LOW HITPOINT WARNING * * *
Your spectral weapon shares its damage with you!
* * * LOW HITPOINT WARNING * * *
The quokka barely misses something.
Unknown command.
Okay, then.
Unknown command.
Okay, then.
Unknown command.
Unknown command.
Unknown command.
Press: ? - help, v - describe, . - travel
Here: a death drake shaped shifter (lightly wounded)
The floor.
Okay, then.
Unknown command.
Press: ? - help, v - describe, . - travel
Here: a death drake shaped shifter (lightly wounded)
The floor.
Blink to where?
Press: ? - help, Dir - move target cursor
As you read the scroll of blinking, it crumbles to dust.
You feel sick. The death drake breathes miasma at you.
Unknown command.
You are engulfed in dark miasma.
You feel as though you will be slow longer.
* * * LOW HITPOINT WARNING * * *
You feel sick.
Something barely misses your spectral weapon.
You see here a dark potion.
Unknown command.
Unknown command.
m - 2 dark potions (gained 1)
You feel sick.
Your spectral weapon fades away.
The death drake breathes miasma at you. The foul vapour misses you.
You feel better.
You are engulfed in dark miasma.
You are poisoned.
You feel your flesh rotting away!
You feel ill.
* * * LOW HITPOINT WARNING * * *
Your song is almost over.
* * * LOW HITPOINT WARNING * * *
You feel sick. The death drake closely misses you.
The ogre mage gestures wildly while chanting.
The ogre mage flickers and vanishes!
Unknown command.
Blink to where?
Press: ? - help, Dir - move target cursor
As you read the scroll of blinking, it crumbles to dust.
* * * LOW HITPOINT WARNING * * *
You feel sick.
Unknown command.
You feel better. The death drake breathes miasma at you.
The foul vapour misses you.
Unknown command.
You are engulfed in dark miasma.
You feel as though you will be slow longer.
* * * LOW HITPOINT WARNING * * *
Your song has ended.
The death drake bites you but does no damage.
It was a potion of agility.
You feel agile all of a sudden.
The death drake completely misses you. x2
Okay, then.
Unknown command.
As you read the scroll of fear, it crumbles to dust.
You assume a fearsome visage.
The death drake looks frightened!
The phantom is unaffected.
The phantom completely misses you.
Unknown command.
You block the phantom's attack.
Unknown command.
You feel better. The phantom completely misses you.
You block something's attack.
Unknown command.
You feel more agile all of a sudden. You block the phantom's attack.
Something hits you!
* * * LOW HITPOINT WARNING * * *
The phantom misses you.
Unknown command.
You block the phantom's attack. Something misses you.
Unknown command.
Casting: Shroud of Golubria (safe; 1% risk of failure)
Confirm with . or Enter, or press ? or * to list all spells.
Your skin crawls.
The phantom completely misses you. Something hits you!
You die...

*####..°####*#......+,,,,,*,,,,,,
∆* ##.## *∆*#W....#,,,,,*,,,,,,
,* **#k#** *,#......#,,,,,*,,,,,,
,**#..Zc.#**,##.#k..#######,,,,**
,,*#.....#*,,,####°........,*+**,
,,.......W.,,,,,∆##..####,,,*,,,,
,.##..O..##.,,####......#,,,*,,,,
.**#..[..#**.##.#W......#,,,*,,,,
,* ###.### *,#..@.#.....#,,,*,,,,
∆* *#.#* *∆##...#######,,,*,,,,
*****,,,*****#......,,,,,,,,*****
**,,,,,,,,,*#.........,,,,,,,,,,,
,****,,,***#.......####**,,,,,,,*
,,*,**,**,#........# *,,,,,,,*
*,,,,*,*,.....###### *********
***,**,**....#* *,,***,,,***


You could see a phantom.

Vanquished Creatures
  Erolcha (D:10)
  A two-headed ogre (D:10)
  An unseen horror (D:9)
  A hippogriff (D:9)
  A slime creature (D:9)
  A spriggan (D:7)
  2 wyverns (D:9)
  A yak (D:9)
  A water moccasin (D:9)
  An orc warrior (D:6)
  3 porcupines (D:9)
  2 phantoms
  A black bear (D:9)
  A sky beast (D:9)
  2 eyes of draining
  2 necrophages (D:9)
  An ogre (D:8)
  3 crocodiles (D:9)
  2 bullfrogs
  A water moccasin skeleton (D:6)
  12 killer bees
  A wight (D:10)
  A crimson imp (D:9)
  A centaur zombie (D:9)
  6 hounds
  A quasit (D:9)
  A bullfrog zombie (D:5)
  A jelly (D:9)
  3 centaur skeletons
  4 orc wizards (D:4)
  3 iguanas
  7 worker ants
  2 big kobold zombies (Ossuary)
  A mummy (Ossuary)
  2 adders
  A gnoll (D:9)
  2 shadow imps
  An ooze (D:3)
  2 adder skeletons
  An adder zombie (D:9)
  2 dart slugs
  2 worms
  2 leopard geckos
  17 orcs
  2 giant cockroaches
  4 goblins
  3 hobgoblins
  6 jackals
  A kobold (D:1)
  A bat (D:1)
  A frilled lizard (D:1)
  A goblin zombie (Ossuary)
  A hobgoblin zombie (Ossuary)
  A jackal zombie (D:5)
  A kobold zombie (Ossuary)
  4 orc zombies (Ossuary)
  A quokka zombie (D:9)
  2 rats
134 creatures vanquished.

Vanquished Creatures (others)
  A centaur (D:10)
  An ooze (D:4)
  An orc (Orc:1)
  9 fungi (D:9)
  A plant (D:9)
  3 spectral weapons
16 creatures vanquished.

Grand Total: 150 creatures vanquished

Notes
Turn   | Place    | Note
-------+----------+-------------------------------------------
     0 | D:1      | tidbits the Gnoll Skald began the quest for the Orb.
     0 | D:1      | Reached XP level 1. HP: 20/20 MP: 6/6
    75 | D:1      | Reached XP level 2. HP: 26/26 MP: 4/7
    79 | D:1      | Learned a level 2 spell: Song of Slaying
    82 | D:1      | Learned a level 2 spell: Shroud of Golubria
   315 | D:2      | Reached XP level 3. HP: 26/31 MP: 9/9
   320 | D:2      | Learned a level 3 spell: Regeneration
   324 | D:2      | Learned a level 3 spell: Spectral Weapon
   375 | D:3      | Reached skill level 5 in Spellcasting
   390 | D:3      | Found a burning altar of Makhleb.
   595 | D:4      | Reached skill level 1 in Invocations
   621 | D:4      | Found a sand-covered staircase.
   637 | Ossuary  | Entered an ossuary
   699 | Ossuary  | Reached skill level 1 in Short Blades
   699 | Ossuary  | Reached skill level 1 in Long Blades
   699 | Ossuary  | Reached skill level 1 in Axes
   699 | Ossuary  | Reached skill level 1 in Maces & Flails
   699 | Ossuary  | Reached skill level 1 in Staves
   699 | Ossuary  | Reached skill level 1 in Slings
   699 | Ossuary  | Reached skill level 1 in Bows
   699 | Ossuary  | Reached skill level 1 in Crossbows
   699 | Ossuary  | Reached skill level 1 in Throwing
   699 | Ossuary  | Reached skill level 1 in Stealth
   699 | Ossuary  | Reached skill level 1 in Shields
   699 | Ossuary  | Reached skill level 1 in Unarmed Combat
   699 | Ossuary  | Reached skill level 1 in Evocations
   699 | Ossuary  | Reached XP level 4. HP: 36/38 MP: 3/11
   714 | Ossuary  | Reached skill level 1 in Conjurations
   714 | Ossuary  | Reached skill level 1 in Hexes
   714 | Ossuary  | Reached skill level 1 in Summonings
   714 | Ossuary  | Reached skill level 1 in Necromancy
   714 | Ossuary  | Reached skill level 1 in Translocations
   714 | Ossuary  | Reached skill level 1 in Transmutations
   714 | Ossuary  | Reached skill level 1 in Fire Magic
   714 | Ossuary  | Reached skill level 1 in Ice Magic
   714 | Ossuary  | Reached skill level 1 in Air Magic
   714 | Ossuary  | Reached skill level 1 in Earth Magic
   714 | Ossuary  | Reached skill level 1 in Poison Magic
   820 | D:4      | Reached XP level 5. HP: 37/43 MP: 4/12
   821 | D:4      | Reached skill level 3 in Armour
   825 | D:4      | Reached XP level 6. HP: 25/50 MP: 5/13
   826 | D:4      | Reached skill level 2 in Invocations
   858 | D:5      | Entered Level 5 of the Dungeon
   984 | D:5      | Reached skill level 5 in Fighting
   984 | D:5      | Reached skill level 5 in Polearms
   984 | D:5      | Reached skill level 5 in Dodging
  1010 | D:5      | Reached skill level 2 in Short Blades
  1010 | D:5      | Reached skill level 2 in Long Blades
  1010 | D:5      | Reached skill level 2 in Axes
  1010 | D:5      | Reached skill level 2 in Maces & Flails
  1010 | D:5      | Reached skill level 2 in Staves
  1010 | D:5      | Reached skill level 2 in Slings
  1010 | D:5      | Reached skill level 2 in Bows
  1010 | D:5      | Reached skill level 2 in Crossbows
  1010 | D:5      | Reached skill level 2 in Throwing
  1010 | D:5      | Reached skill level 2 in Stealth
  1010 | D:5      | Reached skill level 2 in Shields
  1010 | D:5      | Reached skill level 2 in Unarmed Combat
  1010 | D:5      | Reached skill level 2 in Evocations
  1040 | D:5      | Noticed a necrophage
  1132 | D:7      | Noticed a spriggan baker
  1137 | D:7      | Killed a spriggan baker
  1137 | D:7      | Reached XP level 7. HP: 24/56 MP: 8/15
  1238 | D:7      | Reached skill level 2 in Conjurations
  1238 | D:7      | Reached skill level 2 in Hexes
  1238 | D:7      | Reached skill level 2 in Summonings
  1238 | D:7      | Reached skill level 2 in Necromancy
  1238 | D:7      | Reached skill level 2 in Translocations
  1238 | D:7      | Reached skill level 2 in Transmutations
  1238 | D:7      | Reached skill level 2 in Fire Magic
  1238 | D:7      | Reached skill level 2 in Ice Magic
  1238 | D:7      | Reached skill level 2 in Air Magic
  1238 | D:7      | Reached skill level 2 in Earth Magic
  1238 | D:7      | Reached skill level 2 in Poison Magic
  1358 | D:6      | Found a shadowy altar of Dithmenos.
  1366 | D:6      | Found a stormy altar of Qazlal.
  1398 | D:6      | Found a staircase to the Ecumenical Temple.
  1406 | Temple   | Entered the Ecumenical Temple
  1421 | Temple   | Became a worshipper of Cheibriados the Contemplative
  1442 | D:6      | Reached skill level 3 in Invocations
  1463 | D:6      | Reached XP level 8. HP: 63/63 MP: 12/16
  1487 | D:6      | Reached skill level 6 in Charms
  1490 | D:6      | Reached skill level 3 in Short Blades
  1490 | D:6      | Reached skill level 3 in Long Blades
  1490 | D:6      | Reached skill level 3 in Axes
  1490 | D:6      | Reached skill level 3 in Maces & Flails
  1490 | D:6      | Reached skill level 3 in Staves
  1490 | D:6      | Reached skill level 3 in Slings
  1490 | D:6      | Reached skill level 3 in Bows
  1490 | D:6      | Reached skill level 3 in Crossbows
  1490 | D:6      | Reached skill level 3 in Throwing
  1490 | D:6      | Reached skill level 4 in Armour
  1490 | D:6      | Reached skill level 3 in Stealth
  1490 | D:6      | Reached skill level 3 in Shields
  1490 | D:6      | Reached skill level 3 in Unarmed Combat
  1490 | D:6      | Reached skill level 3 in Evocations
  1669 | D:8      | Reached skill level 6 in Spellcasting
  1687 | D:8      | Found Cytaifask's Assorted Antiques.
  1697 | D:8      | Bought 2 bubbling silvery potions for 54 gold pieces
  1697 | D:8      | Bought a scroll labeled ISES ICHOEQ for 30 gold pieces
  1697 | D:8      | Bought a scroll labeled DISASCH BUBY for 30 gold pieces
  1716 | D:9      | Identified the cursed +0 spear of Eternal Harmony {flame,
                  | +Rage rElec Dex-4}
  1748 | D:9      | Identified the +11 quarterstaff of Eternal Vigilance
                  | {drain, +Rage rC+ Str+3}
  1748 | D:9      | Noticed a tengu warrior
  1770 | D:10     | Entered Level 10 of the Dungeon
  1798 | D:9      | Noticed a yak
  1838 | D:9      | Found a staircase to the Lair.
  1864 | D:9      | Killed a yak
  1864 | D:9      | Reached * piety under Cheibriados
  1864 | D:9      | Reached skill level 3 in Conjurations
  1864 | D:9      | Reached skill level 3 in Hexes
  1864 | D:9      | Reached skill level 3 in Summonings
  1864 | D:9      | Reached skill level 3 in Necromancy
  1864 | D:9      | Reached skill level 3 in Translocations
  1864 | D:9      | Reached skill level 3 in Transmutations
  1864 | D:9      | Reached skill level 3 in Fire Magic
  1864 | D:9      | Reached skill level 3 in Ice Magic
  1864 | D:9      | Reached skill level 3 in Air Magic
  1864 | D:9      | Reached skill level 3 in Earth Magic
  1864 | D:9      | Reached skill level 3 in Poison Magic
  1864 | D:9      | Reached skill level 4 in Invocations
  1864 | D:9      | Reached XP level 9. HP: 69/69 MP: 10/18
  1871 | D:9      | Reached skill level 6 in Fighting
  1871 | D:9      | Reached skill level 6 in Polearms
  1871 | D:9      | Reached skill level 6 in Dodging
  1928 | D:9      | Reached skill level 4 in Short Blades
  1928 | D:9      | Reached skill level 4 in Long Blades
  1928 | D:9      | Reached skill level 4 in Axes
  1928 | D:9      | Reached skill level 4 in Maces & Flails
  1928 | D:9      | Reached skill level 4 in Staves
  1928 | D:9      | Reached skill level 4 in Slings
  1928 | D:9      | Reached skill level 4 in Bows
  1928 | D:9      | Reached skill level 4 in Crossbows
  1928 | D:9      | Reached skill level 4 in Throwing
  1928 | D:9      | Reached skill level 4 in Stealth
  1928 | D:9      | Reached skill level 4 in Shields
  1928 | D:9      | Reached skill level 4 in Unarmed Combat
  1928 | D:9      | Reached skill level 4 in Evocations
  1956 | D:9      | Learned a level 3 spell: Confuse
  1976 | D:9      | Noticed Enish's ghost (novice DgHu)
  1977 | D:9      | Noticed a troll
  1977 | D:9      | Identified the +3 dire flail "Naenol" {flame, Stlth+}
  1977 | D:9      | Noticed an orc knight
  1978 | D:9      | Noticed a moth of wrath
  2012 | D:9      | Found a bloodstained altar of Trog.
  2013 | D:9      | Found a transporter.
  2019 | D:9      | Found a transporter.
  2045 | D:9      | Reached skill level 5 in Armour
  2136 | D:9      | Reached skill level 5 in Invocations
  2154 | D:9      | Reached ** piety under Cheibriados
  2219 | D:9      | Reached XP level 10. HP: 77/77 MP: 8/20
  2226 | D:9      | Reached skill level 7 in Spellcasting
  2228 | D:9      | Noticed a brown ugly thing
  2229 | D:9      | Found the +7 captain's cutlass {speed, disarm}
  2260 | D:9      | Killed an unseen horror
  2260 | D:9      | Reached skill level 5 in Short Blades
  2260 | D:9      | Reached skill level 5 in Long Blades
  2260 | D:9      | Reached skill level 5 in Axes
  2260 | D:9      | Reached skill level 5 in Maces & Flails
  2260 | D:9      | Reached skill level 5 in Staves
  2260 | D:9      | Reached skill level 5 in Slings
  2260 | D:9      | Reached skill level 5 in Bows
  2260 | D:9      | Reached skill level 5 in Crossbows
  2260 | D:9      | Reached skill level 5 in Throwing
  2260 | D:9      | Reached skill level 5 in Stealth
  2260 | D:9      | Reached skill level 5 in Shields
  2260 | D:9      | Reached skill level 5 in Unarmed Combat
  2260 | D:9      | Reached skill level 4 in Conjurations
  2260 | D:9      | Reached skill level 4 in Hexes
  2260 | D:9      | Reached skill level 4 in Summonings
  2260 | D:9      | Reached skill level 4 in Necromancy
  2260 | D:9      | Reached skill level 4 in Translocations
  2260 | D:9      | Reached skill level 4 in Transmutations
  2260 | D:9      | Reached skill level 4 in Fire Magic
  2260 | D:9      | Reached skill level 4 in Ice Magic
  2260 | D:9      | Reached skill level 4 in Air Magic
  2260 | D:9      | Reached skill level 4 in Earth Magic
  2260 | D:9      | Reached skill level 4 in Poison Magic
  2260 | D:9      | Reached skill level 5 in Evocations
  2287 | D:9      | Gained mutation: You have an increased reservoir of magic.
                  | (+10% MP) [potion of mutation]
  2287 | D:9      | Gained mutation: You have large cloven feet. [potion of
                  | mutation]
  2312 | D:8      | Found an ornate altar of the Wu Jian Council.
  2312 | D:8      | Found a deep blue altar of Sif Muna.
  2315 | D:8      | Found a sacrificial altar of Ru.
  2343 | D:9      | Got a fine steel ring
  2345 | D:9      | Identified the ring "Zucse" {rPois rN+} (You found it on
                  | level 9 of the Dungeon)
  2436 | D:10     | Found a staircase to the Orcish Mines.
  2444 | Orc:1    | Entered Level 1 of the Orcish Mines
  2446 | Orc:1    | Noticed Erolcha
  2459 | D:10     | Killed Erolcha
  2459 | D:10     | Reached skill level 7 in Fighting
  2459 | D:10     | Reached skill level 7 in Polearms
  2459 | D:10     | Reached skill level 7 in Dodging
  2459 | D:10     | Reached skill level 7 in Charms
  2483 | D:10     | Reached skill level 6 in Armour
  2522 | D:10     | Reached skill level 6 in Invocations
  2535 | D:10     | Noticed a two-headed ogre
  2540 | D:10     | Noticed a death drake
  2540 | D:10     | a hippogriff changed into a death drake
  2546 | D:10     | Killed a two-headed ogre
  2546 | D:10     | Reached skill level 6 in Long Blades
  2550 | D:10     | Noticed an ogre mage
  2560 | D:10     | HP: 12/78 [death drake (shapeshifter)] (13)]
  2565 | D:10     | HP: 1/79 [something (shapeshifter)] (15)]
  2570 | D:10     | HP: 2/79 [something (11)]
  2572 | D:10     | Mangled by an ogre mage

Skill      XL: |  1  2  3  4  5  6  7  8  9 10 |
---------------+-------------------------------+-----
Spellcasting   | 5 6 7 |  7.6
Invocations    | 1 2 3 4 5 6 |  6.1
Short Blades   | 1 2 3 4 5 |  5.6
Long Blades    | 1 2 3 4 6 |  6.1
Axes           | 1 2 3 4 5 |  5.6
Maces & Flails | 1 2 3 4 5 |  5.6
Staves         | 1 2 3 4 5 |  5.6
Slings         | 1 2 3 4 5 |  5.6
Bows           | 1 2 3 4 5 |  5.6
Crossbows      | 1 2 3 4 5 |  5.6
Throwing       | 1 2 3 4 5 |  5.6
Stealth        | 1 2 3 4 5 |  5.6
Shields        | 1 2 3 4 5 |  5.6
Unarmed Combat | 1 2 3 4 5 |  5.6
Evocations     | 1 2 3 4 5 |  5.6
Conjurations   | 1 2 3 4 |  4.6
Hexes          | 1 2 3 4 |  4.6
Summonings     | 1 2 3 4 |  4.6
Necromancy     | 1 2 3 4 |  4.6
Translocations | 1 2 3 4 |  4.6
Transmutations | 1 2 3 4 |  4.6
Fire Magic     | 1 2 3 4 |  4.6
Ice Magic      | 1 2 3 4 |  4.6
Air Magic      | 1 2 3 4 |  4.6
Earth Magic    | 1 2 3 4 |  4.6
Poison Magic   | 1 2 3 4 |  4.6
Armour         | 3 4 5 6 |  6.2
Fighting       | 5 6 7 |  7.3
Polearms       | 5 6 7 |  7.3
Dodging        | 5 6 7 |  7.3
Charms         | 6 7 |  7.2

Action                   |  1- 3 |  4- 6 |  7- 9 | 10-12 || total
-------------------------+-------+-------+-------+-------++-------
Melee: Spear             |    93 |    14 |    65 |       ||   172
       Bite              |     7 |     9 |    25 |     7 ||    48
       War axe           |       |    37 |    58 |       ||    95
       Unarmed           |       |       |    21 |       ||    21
       Trident           |       |       |    57 |    31 ||    88
       Demon trident     |       |       |       |    47 ||    47
       Kick              |       |       |       |    16 ||    16
Throw: Javelin           |       |       |     9 |     1 ||    10
 Cast: Infusion          |     7 |       |       |       ||     7
       Spectral Weapon   |     6 |     8 |    29 |     9 ||    52
       Song of Slaying   |     2 |     1 |     2 |     1 ||     6
       Shroud of Golubri |     1 |       |    10 |     6 ||    17
       Regeneration      |       |     1 |     5 |     5 ||    11
       Confuse           |       |       |     3 |       ||     3
Evoke: Wand              |       |       |       |     2 ||     2
  Use: Scroll            |     5 |     5 |     1 |    11 ||    22
       Potion            |       |       |     2 |     9 ||    11
 Stab: Distracted        |       |     2 |     2 |       ||     4
       Sleeping          |       |       |       |     1 ||     1
  Eat: Ration            |     2 |       |     1 |       ||     3
Armor: Leather armour    |     8 |       |       |       ||     8
       Robe              |     1 |     1 |       |       ||     2
       Ring mail         |       |    23 |    23 |     7 ||    53
       Skin              |       |       |    22 |    29 ||    51
Dodge: Dodged            |    35 |    49 |   130 |    59 ||   273
Block: Buckler           |       |     3 |    42 |    24 ||    69

Table legend:
 A = Turns spent in this place as a percentage of turns spent in the entire game.
 B = Non-inter-level travel turns spent in this place as a percentage of non-inter-level travel turns spent in the entire game.
 C = Inter-level travel turns spent in this place as a percentage of turns spent in this place.
 D = Turns resting spent in this place as a percentage of non-inter-level travel turns spent in this place.
 E = Turns spent auto-exploring this place as a percentage of non-inter-level travel turns spent in this place.
 F = Non-inter-level travel turns spent in this place divided by the number of levels of this place that you've seen.
                   A       B       C       D       E      F
               +-------+-------+-------+-------+-------+----------------------
         Total | 100.0 | 100.0 |   0.5 |   0.0 |   0.0 | 196.8
       Dungeon |  92.1 |  92.6 |   0.0 |   0.0 |   0.0 | 236.8
        Temple |   1.2 |   0.7 |  45.2 |   0.0 |   0.0 |  17.0
  Orcish Mines |   0.4 |   0.4 |   0.0 |   0.0 |   0.0 |  11.0
       Ossuary |   6.3 |   6.3 |   0.0 |   0.0 |   0.0 | 162.0
               +-------+-------+-------+-------+-------+----------------------

Table legend:
 A = Kills in this place as a percentage of kills in entire the game.
 B = Kills by you in this place as a percentage of kills by you in the entire game.
 C = Kills by friends in this place as a percentage of kills by friends in the entire game.
 D = Other kills in this place as a percentage of other kills in the entire game.
 E = Experience gained in this place as a percentage of experience gained in the entire game.
 F = Experience gained in this place divided by the number of levels of this place that you have seen.
                   A       B       C       D       E      F
               +-------+-------+-------+-------+-------+----------------------
         Total | 100.0 | 100.0 |   N/A |   N/A | 100.0 | 679.3
       Dungeon |  91.0 |  91.0 |   N/A |   N/A |  99.1 | 874.8
  Orcish Mines |   1.5 |   1.5 |   N/A |   N/A |   0.1 |   6.0
       Ossuary |   7.5 |   7.5 |   N/A |   N/A |   0.9 |  77.0
               +-------+-------+-------+-------+-------+----------------------

Levels and vault maps discovered:
D:1:      dpeg_arrival_renting, layout_rooms
D:2:      layout_basic, first_ration
D:3:      layout_loops_ring, bloody_makhleb, uniq_jessica
D:4:      layout_rooms, enter_ossuary_1, lemuel_flame_loot_1
D:5:      layout_basic, serial_shops, nicolae_shop_trees, st_stairs_11
D:6:      layout_gridville, nicolae_overflow_crystal_walls,
          lemuel_crystal_altar, minmay_temple_entry_ruins, uniq_eustachio
D:7:      layout_loops_ring, the_bakery, minmay_misc_feat_roman
D:8:      layout_rooms, nicolae_overflow_hidden_temple, elyvilon_altar_1,
          serial_shops, shop
D:9:      minmay_the_grid_octo_triangle [minmay_the_grid_octo_checkered,
          minmay_the_grid_octo_prize_ultimate_mussel_roller,
          minmay_the_grid_octo_vomiting_pacman], layout_loops_ring,
          marbit_many_paths, overflow_temple_1_default,
          due_lair_maze_entry_diamond, gammafunk_ghost_wrathful_warriors
D:10:     lemuel_castle_with_subvaults [lemuel_castle_interior_carwin_2],
          layout_irregular_city, orc_0_dummy, minmay_fractal_squares_gapless_7
Temple:   cyrus_circular_temple
Orc:1:    layout_caves, uniq_fannar, uniq_nergalle, uniq_erica, uniq_erolcha
Ossuary:  ossuary_zaba_two_paths
